 Dungeon Crawl Stone Soup version 0.26-a0-23-g3ae7099 (webtiles) character file.

Game seed: 1632998108417421777, levelgen mode: deterministic

220 vertexvortex the Chiller (level 5, 0/45 HPs)
             Began as a Draconian Ice Elementalist on May 26, 2020.
             Slain by a worker ant (4 damage)
             ... on level 3 of the Dungeon.
             The game lasted 00:08:50 (2848 turns).

vertexvortex the Chiller (DrIE)                     Turns: 2848, Time: 00:08:50

Health: 0/45       AC:  9    Str: 11    XL:     5   Next: 64%
Magic:  4/8        EV:  8    Int: 16    God:
Gold:   135        SH:  0    Dex: 11    Spells: 0/8 levels left

rFire    . . .     SeeInvis .   k - +2 short sword (vamp)
rCold    . . .     Gourm    .   (no shield)
rNeg     . . .     Faith    .   (armour unavailable)
rPois    .         Spirit   .   (helmet restricted)
rElec    .         Reflect  .   (no cloak)
rCorr    .         Harm     .   f - +1 pair of gloves
MR       .....                  c - +0 pair of boots
Stlth    +.........             (no amulet)
HPRegen  0.15/turn              p - ring of flight
MPRegen  0.11/turn              j - -4 ring of evasion (curse)

@: very slightly contaminated, glowing
A: unfitting armour, hooves 1, stinger 1, shaggy fur 1, wild magic 1,
cold-blooded, AC +5
a: Evoke Flight


You were on level 3 of the Dungeon.
You were not hungry.

You visited 1 branch of the dungeon, and saw 4 of its levels.

You collected 135 gold pieces.

Inventory:

Hand Weapons
 a - a +0 club
 k - a +2 vampiric short sword (weapon)
 l - a +2 flail of holy wrath
 m - a +0 dagger of flaming
Missiles
 e - 18 poisoned darts (quivered)
 n - 9 javelins
Armour
 c - a +0 pair of boots (worn)
 f - a +1 pair of gloves (worn)
Jewellery
 g - an uncursed ring of attention
 j - a cursed -4 ring of evasion (right hand)
 p - a ring of flight (left hand)
Scrolls
 i - a scroll of teleportation
Potions
 h - 3 potions of flight
 o - a potion of mutation
Comestibles
 b - 6 rations


   Skills:
 * Level 3.4 Fighting
 - Level 1.7 Dodging
 - Level 1.7 Stealth
 + Level 2.4 Spellcasting
 * Level 1.1 Summonings
 - Level 5.6 Ice Magic


You couldn't memorise any spells.
You knew the following spells:

 Your Spells              Type           Power        Failure   Level  Hunger
a - Freeze                Ice            ####         3%          1    #......
b - Frozen Ramparts       Ice            ####..       10%         3    ###....
c - Summon Ice Beast      Ice/Summ       ###.....     52%         4    #####..

Your spell library contained the following spells:

 Spells                   Type           Power        Failure   Level  Hunger
 Ozocubu's Armour         Chrm/Ice       ##......     26%         3    ###....
 Confusing Touch          Hex            #.......     61%         3    ###....
 Gell's Gravitas          Tloc           #.........   61%         3    ###....
 Hailstorm                Conj/Ice       ##......     61%         4    #####..
 Metabolic Englaciation   Hex/Ice        ##........   90%         5    ######.
 Petrify                  Tmut/Erth      #.......     93%         4    #####..
 Yara's Violent Unravell  Hex/Tmut       #.........   100%        5    ######.


Dungeon Overview and Level Annotations

Branches:
Dungeon (4/15)
 Temple: D:4-7

Altars:
Uskayaw


Innate Abilities, Weirdness & Mutations

Your plain brown scales are hard. (AC +5)
You cannot fit into any form of body armour.
You are cold-blooded and may be slowed by cold attacks.
You have large cloven feet.
Your tail ends in a poisonous barb.
You are covered in fur. (AC +1)
Your spells are a little harder to cast, but a little more powerful.


Message History

You kill the gnoll!
Your Summonings skill increases to level 1!
The wall freezes the gnoll!
You kill the gnoll!
There is a stone staircase leading up here.
The worker ant bites you but does no damage.
The frozen ramparts melt away.
You climb upwards.
There is a stone staircase leading down here.
The worker ant bites you but does no damage.
The worker ant completely misses you.
There is an open door here.
The worker ant bites you.
* * * LOW HITPOINT WARNING * * *
There is an open door, spattered with blood here.
Casting: Frozen Ramparts (dangerous; 10% risk of failure)
Confirm with . or Enter, or press ? or * to list all spells.
You miscast Frozen Ramparts.
You are very lightly contaminated with residual magic.
Nothing appears to happen.
The worker ant bites you.
You die...

#.# #.# #............'. #
#.#####.# #............## ####
#.#.....#### #............# ##.#
#.#........# #[...........# ...#
#.#........# #............# ...#
#.#........# #............# ...#
#.#........# #............##
#..###.#........###..............
................@a'..........>..#
#..##...........###.............#
#..#............# ######.######.#
#<....#.........# #.# #.#
#.....#.........# #.## #.#
......#......#### #..# #.#
#.....#.####.## ##.# #.#
#.............# ###.# #.#
#.....#.####### ###...## #..


You could see a worker ant.

Vanquished Creatures
  A centaur skeleton (D:3)
  A gnoll shaman (D:4)
  Terence (D:3)
  4 gnolls (D:4)
  An adder (D:3)
  An ooze (D:3)
  2 worms (D:3)
  A dart slug (D:3)
  2 leopard geckos (D:3)
  2 orcs (D:3)
  A ball python (D:2)
  7 giant cockroaches
  6 goblins
  8 hobgoblins
  10 jackals
  2 quokkas (D:3)
  3 bats
  3 frilled lizards
  6 kobolds
  7 rats
69 creatures vanquished.

Notes
Turn   | Place    | Note
-------+----------+-------------------------------------------
     0 | D:1      | vertexvortex the Draconian Ice Elementalist began the quest
                  | for the Orb.
     0 | D:1      | Reached XP level 1. HP: 14/14 MP: 3/3
    57 | D:1      | Reached XP level 2. HP: 16/22 MP: 3/5
   519 | D:1      | Reached skill level 1 in Fighting
  1020 | D:2      | Noticed a +0 dagger
  1021 | D:2      | Noticed a +0 dagger
  1034 | D:2      | Reached XP level 3. HP: 28/28 MP: 6/6
  1040 | D:2      | Learned a level 3 spell: Frozen Ramparts
  1047 | D:2      | Found a hide-covered altar of Uskayaw.
  1435 | D:3      | Reached skill level 5 in Ice Magic
  1547 | D:3      | Noticed Terence
  1561 | D:3      | Killed Terence
  1561 | D:3      | Reached XP level 4. HP: 28/36 MP: 3/7
  2271 | D:3      | Reached XP level 5. HP: 42/42 MP: 8/8
  2277 | D:3      | Learned a level 4 spell: Summon Ice Beast
  2830 | D:4      | Noticed an ogre
  2831 | D:4      | Gained mutation: Your tail ends in a poisonous barb.
                  | [potion of mutation]
  2831 | D:4      | Gained mutation: You have large cloven feet. [potion of
                  | mutation]
  2831 | D:4      | Gained mutation: Your spells are a little harder to cast,
                  | but a little more powerful. [potion of mutation]
  2831 | D:4      | Gained mutation: You are covered in fur. (AC +1) [potion of
                  | mutation]
  2832 | D:4      | Reached skill level 1 in Summonings
  2848 | D:3      | Slain by a worker ant

Illustrated notes

Levels and vault maps discovered:
D:1:      heliophobic_arrival_dark_side_of_the_moon, layout_basic
D:2:      layout_rooms, dancing_weapons_uskayaw, first_ration,
          minmay_misc_feat_room, corner_web_ring, kennysheep_doodads
D:3:      minmay_skewed_foursquare, layout_basic, uniq_terence
D:4:      layout_rooms, minmay_temple_entry_glass, xom_confusion_cloud

Skill      XL: |  1  2  3  4  5 |
---------------+----------------+-----
Fighting       | 1 2 3 |  3.4
Ice Magic      | 5 |  5.6
Summonings     | 1 |  1.1
Dodging        | |  1.7
Stealth        | |  1.7
Spellcasting   | |  2.4

Action                   |  1- 3 |  4- 6 || total
-------------------------+-------+-------++-------
Melee: Club              |    36 |       ||    36
       Short sword       |    77 |    69 ||   146
       Tailslap          |     8 |     6 ||    14
Throw: Dart              |       |     1 ||     1
 Cast: Freeze            |    10 |     5 ||    15
       Frozen Ramparts   |     2 |     3 ||     5
  Use: Scroll            |     5 |       ||     5
       Potion            |     4 |     1 ||     5
 Stab: Sleeping          |     4 |     2 ||     6
       Distracted        |       |     1 ||     1
  Eat: Chunk             |     2 |     5 ||     7
Armor: Skin              |    47 |    43 ||    90
Dodge: Dodged            |    88 |    36 ||   124

Table legend:
 A = Non-vault XP
 B = Vault XP
 C = Vault XP percentage of total XP
 D = Non-vault monster count
 E = Vault monster count
 F = Vault count percentage of total count
                 A         B        C        D         E       F
            +---------+---------+-------+---------+---------+-------
      Total |     264 |      51 |  16.2 |      62 |       7 |  10.1
            +---------+---------+-------+---------+---------+-------
        D:1 |      39 |       0 |   0.0 |      23 |       0 |   0.0
        D:2 |      18 |       0 |   0.0 |      11 |       0 |   0.0
        D:3 |     107 |      51 |  32.3 |      23 |       7 |  23.3
        D:4 |     100 |       0 |   0.0 |       5 |       0 |   0.0
            +---------+---------+-------+---------+---------+-------
